 Dungeon Crawl Stone Soup version 0.22-a0-247-gbddf880 (webtiles) character file.

294314 Klosterheim the Wrestler (level 20, -25/201 HPs)
             Began as a Troll Monk on Feb 27, 2018.
             Was the Champion of Wu Jian.
             Killed from afar by a balrug (35 damage)
             ... with a bolt of fire
             ... summoned by a lich
             ... on level 4 of the Vaults on Feb 28, 2018.
             The game lasted 02:24:18 (39607 turns).

Klosterheim the Wrestler (Troll Monk)              Turns: 39607, Time: 02:24:19

Health: -25/201    AC: 12    Str: 26    XL:     20   Next: 3%
Magic:  19/19      EV: 26    Int:  6    God:    Wu Jian [******]
Gold:   1630       SH: 12    Dex: 20    Spells: 19/19 levels left

rFire    . . .     SeeInvis .     - Unarmed
rCold    . . .     Gourm    +   s - +0 shield
rNeg     . . .     Faith    .   K - +2 robe {MR+}
rPois    +         Spirit   .   Q - +1 hat
rElec    .         Reflect  .   F - +2 cloak {rPois}
rCorr    .         Harm     .   (gloves unavailable)
MR       ++...                  (boots unavailable)
Stlth    ++........             l - amulet of regeneration
HPRegen  1.23/turn              q - +4 ring of dexterity
MPRegen  0.16/turn              A - +6 ring of evasion

@: very slightly contaminated, slowed, very slow
A: large, unfitting armour, claws 3, fast metabolism 3, gourmand, regeneration
1, shaggy fur 1, tough skin 2
}: 2/15 runes: decaying, serpentine
a: Wall Jump, Serpent's Lash, Heavenly Storm, Renounce Religion


You were on level 4 of the Vaults.
You worshipped Wu Jian.
Wu Jian was exalted by your worship.
You were very full.

You visited 7 branches of the dungeon, and saw 36 of its levels.
You also visited: Sewer.

You collected 3060 gold pieces.
You spent 1430 gold pieces at shops.

Inventory:

Hand Weapons
 o - a +2 scimitar of flaming
Armour
 s - a +0 shield (worn)
 F - a +2 cloak of poison resistance (worn)
 I - +1 ice dragon scales
 K - a +2 robe of magic resistance (worn)
 Q - a +1 hat (worn)
 S - a +2 robe of resistance
Jewellery
 l - an amulet of regeneration (around neck)
 q - a +4 ring of dexterity (left claw)
 A - a +6 ring of evasion (right claw)
 C - an uncursed ring of protection from cold
 D - an uncursed amulet of rage
 E - an uncursed ring of resist corrosion
 R - an uncursed ring of fire
Wands
 a - a wand of paralysis (5)
 g - a wand of flame (71)
 h - a wand of digging (44)
 r - a wand of polymorph (46)
 y - a wand of acid (11)
 G - a wand of enslavement (14)
 J - a wand of random effects (54)
 P - a wand of scattershot (12)
Scrolls
 i - 2 scrolls of teleportation
 j - 7 scrolls of remove curse
 k - 3 scrolls of fog
 n - 4 scrolls of fear
 p - 2 scrolls of magic mapping
 t - a scroll of holy word
 v - a scroll of summoning
 x - 3 scrolls of noise
 z - a scroll of vulnerability
 N - 2 scrolls of silence
 O - 13 scrolls of identify
 T - 2 scrolls of immolation
Potions
 c - 5 potions of lignification
 d - 3 potions of flight
 e - 8 potions of might
 f - 13 potions of curing
 m - 6 potions of haste
 u - 4 potions of mutation
 w - 3 potions of heal wounds
 B - a potion of ambrosia
 L - 2 potions of berserk rage
 M - 2 potions of agility
Comestibles
 b - 50 rations
 U - 13 chunks of flesh


   Skills:
 + Level 12.6 Fighting
 + Level 12.6 Armour
 + Level 12.5 Dodging
 - Level 1.0 Stealth
 - Level 9.0 Shields
 + Level 23.2 Unarmed Combat


You had 19 spell levels left.
You didn't know any spells.

Dungeon Overview and Level Annotations

Branches:
Dungeon (15/15)            Temple (1/1) D:5            Lair (6/6) D:9
  Swamp (4/4) Lair:3        Snake (4/4) Lair:2        Slime (0/5) Lair:5
    Orc (2/2) D:9             Elf (0/3) Orc:2        Vaults (4/5) D:14
  Crypt (0/3) Vaults:2     Depths (0/5) D:15

Altars:
Cheibriados
Dithmenos
Elyvilon
Fedhas
Gozag
Hepliaklqana
Kikubaaqudgha
Makhleb
Nemelex Xobeh
Okawaru
Qazlal
Ru
Sif Muna
Trog
Uskayaw
Vehumet
Wu Jian
Xom
Yredelemnul
Zin
The Shining One
Beogh
Jiyva

Shops:
D:7 *   D:11 [   Orc:1 (   Orc:2 [(:*   Snake:3 =:[?![*   Vaults:3 }


Innate Abilities, Weirdness & Mutations

You are too large for most types of armour.
You have claws for hands.
Your metabolism is lightning-fast.
You like to eat raw meat.
Your natural rate of healing is unusually fast.
You are covered in fur. (AC +1)
You have very tough skin. (AC +2)


Message History

The balrug hits you with a demon whip of freezing!!
You are engulfed in flames!!
* * * LOW HITPOINT WARNING * * *
The balrug freezes you!
* * * LOW HITPOINT WARNING * * *
Unknown command.
The lich casts a spell.
The lich flickers and vanishes!
Deactivating autopickup; reactivate with Ctrl-A.
You block the ogre mage's attack.
Blink to where?
Press: ? - help, Dir - move target cursor You are very lightly contaminated with residual magic.
As you read the scroll of blinking, it crumbles to dust.
The balrug gestures at you.
The fireball explodes!
The fireball engulfs you!
* * * LOW HITPOINT WARNING * * *
The balrug gestures at you. The bolt of fire hits you!
You die...

.)...##....1.)................#
..)..##.....OO................#
#.#).##...####'########.......#
.[#..##...#....O).....#.......#
[.#..##...#....#2#....#.......#
'###'##...#...##)##...#.......#
>#!..##...#..##...##..#.......#
#######...#.##.....##.#.......#
#######...#.#...@...#.#.......#
..........#.##.....##.#.......#
..........#..##...##..#.......#
#########.#...##)##...#.......#
# +.#....#.#....#.......# #
#.#...........#.......# +
#.#############.......# #
#.....................# #
#.....÷..(.(..........#


You could see a balrug and an ogre mage.

Vanquished Creatures
  Mara (Swamp:3)
  Margery (Vaults:2)
  A sphinx (Vaults:2)
  Frances (D:13)
  A thorn hunter (Swamp:2)
  A tengu reaver (Vaults:4)
  Donald (Vaults:1)
  An azure jelly (Swamp:4)
  A fire giant (D:15)
  8 nagarajas
  A frost giant (Vaults:2)
  An orc warlord (Orc:1)
  12 vault wardens
  A deep elf sorcerer (Vaults:4)
  Aizul (Vaults:1)
  8 ironheart preservers
  2 very ugly things (Vaults:2)
  2 stone giants
  Azrael (D:13)
  The ghost of crawlian the Devastator, a journeyman DEFE of Sif Muna (Swamp:3)
  Snorg (Lair:4)
  2 ettins
  A fire dragon (Vaults:1)
  A deep elf death mage (Vaults:2)
  6 yaktaur captains
  8 ogre magi
  5 ice dragons
  13 hydras
  Erolcha (Orc:1)
  3 catoblepae (Lair:6)
  Erica (D:8)
  16 naga warriors
  31 two-headed ogres
  6 alligators
  9 anacondas
  A ghost crab (Swamp:4)
  A deep troll earth mage (Vaults:1)
  A death knight (D:15)
  8 vault guards
  8 centaur warriors
  11 death yaks
  A deep troll shaman (Vaults:1)
  6 naga sharpshooters
  Urug (Lair:2)
  An orc high priest (Orc:2)
  Nergalle (Lair:1)
  6 shock serpents
  Sonja (D:10)
  8 deep elf knights
  A hell knight (Vaults:2)
  A shadow wraith (Vaults:4)
  3 unseen horrors
  2 salamander mystics (Snake:4)
  3 skeletal warriors (Vaults:1)
  2 swamp dragons (Swamp:4)
  A flayed ghost (Vaults:4)
  4 wizards
  3 spriggan druids
  3 deep trolls (Vaults:1)
  11 naga ritualists
  Pikel (D:8)
  A small abomination (Vaults:3)
  A harpy (Vaults:1)
  4 necromancers
  A phantasmal warrior (D:15)
  A shambling mangrove (Swamp:2)
  13 ironbrand convokers
  20 orc knights
  3 deep elf archers
  18 deep elf magi
  11 mana vipers
  A wolf spider (shapeshifter) (Vaults:3)
  9 salamanders
  5 cyclopes
  8 orc sorcerers
  24 ugly things
  4 wolf spiders
  3 manticores
  A salamander (shapeshifter) (Vaults:3)
  9 elephants
  2 human skeletons (Vaults:1)
  44 black mambas
  12 vault sentinels
  Psyche (D:8)
  A water nymph (shapeshifter) (Vaults:1)
  3 guardian serpents
  21 naga magi
  9 spiny frogs
  A gargoyle (D:13)
  A centaur skeleton (D:12)
  A rime drake (Lair:3)
  4 kobold demonologists (D:13)
  8 freezing wraiths
  4 komodo dragons
  25 yaktaurs
  2 meliai (shapeshifter)
  6 trolls
  5 tyrant leeches
  A merfolk (shapeshifter) (Vaults:1)
  5 hornets
  4 bog bodies
  9 blink frogs
  5 dream sheep (Lair:4)
  An ettin zombie (Vaults:1)
  4 hippogriffs
  35 slime creatures
  4 shadows
  3 wraiths (D:15)
  4 spriggans (Swamp:2)
  A fire elemental (D:14)
  17 yaks
  A wyvern (D:10)
  A yak (shapeshifter) (Vaults:4)
  A basilisk (shapeshifter) (Vaults:1)
  4 swamp worm simulacra (Swamp:4)
  Grum (D:9)
  8 vampire mosquitoes
  3 hungry ghosts
  A basilisk (Lair:3)
  21 swamp worms
  57 nagas
  4 wargs
  15 hydra simulacra (Swamp:4)
  6 acid dragons
  10 porcupines
  14 water moccasins
  5 hell hounds
  51 orc warriors
  9 swamp drakes
  A hornet zombie (D:12)
  An orc zombie (Vaults:1)
  5 sky beasts
  A necrophage (D:15)
  A slave (D:8)
  2 ice beasts
  34 ogres
  14 centaurs
  2 eyes of draining
  A boggart (shapeshifter) (Vaults:2)
  14 wolves
  An elf skeleton (Vaults:1)
  7 crocodiles
  10 big kobolds
  24 bullfrogs
  4 gnoll sergeants (D:9)
  A water moccasin zombie (D:7)
  3 wyvern skeletons
  6 scorpions
  21 killer bees
  8 electric eels
  5 wights (D:11)
  6 crimson imps
  3 centaur zombies
  6 hounds
  18 orc priests
  6 jellies
  30 orc wizards
  7 bullfrog skeletons
  5 iguanas
  Natasha (thrice) (D:4)
  12 worker ants
  A killer bee zombie (D:5)
  A hound zombie (D:7)
  2 hound skeletons
  Robin (D:3)
  5 gnolls
  3 river rats (Sewer)
  23 adders
  A howler monkey skeleton (D:7)
  A shadow imp (D:10)
  7 oozes
  4 swamp drake simulacra (Swamp:4)
  An adder zombie (D:7)
  5 worms
  2 dart slugs (D:2)
  5 leopard geckos
  85 orcs
  5 bats
  11 giant cockroaches
  10 goblins
  13 hobgoblins
  11 jackals
  5 quokkas
  3 ball pythons
  12 frilled lizards
  31 kobolds
  A quokka skeleton (D:4)
  15 rats
  A plant (Temple)
1360 creatures vanquished.

Vanquished Creatures (others)
  A deep elf knight (D:14)
  An unseen horror (Vaults:1)
  A deep elf mage (Vaults:2)
  A black mamba (Snake:2)
  A vault sentinel (Vaults:2)
  A naga (Snake:4)
  An orc warrior (Vaults:1)
  A slave (D:8)
  An orc priest (Orc:2)
  An orc wizard (D:14)
  An orc (D:12)
  3 briar patches (Swamp:2)
  38 fungi
  9 plants
61 creatures vanquished.

Grand Total: 1421 creatures vanquished

Notes
Turn   | Place    | Note
-------+----------+-------------------------------------------
     0 | D:1      | Klosterheim the Troll Monk began the quest for the Orb.
     0 | D:1      | Reached XP level 1. HP: 22/22 MP: 0/0
   217 | D:1      | Reached XP level 2. HP: 25/29 MP: 1/1
   515 | D:2      | Reached skill level 4 in Unarmed Combat
   515 | D:2      | Reached XP level 3. HP: 36/36 MP: 2/2
   694 | D:2      | Reached XP level 4. HP: 45/45 MP: 3/3
   763 | D:2      | Found a snail-covered altar of Cheibriados.
  1094 | D:3      | Noticed a bullfrog
  1103 | D:3      | Killed a bullfrog
  1103 | D:3      | Reached skill level 5 in Unarmed Combat
  1103 | D:3      | Reached XP level 5. HP: 37/53 MP: 4/4
  1364 | D:3      | Noticed Robin
  1378 | D:3      | Killed Robin
  2031 | D:4      | Noticed Natasha
  2068 | D:4      | Found a glowing drain.
  2078 | D:4      | Killed Natasha
  2108 | Sewer    | Entered a sewer
  2234 | Sewer    | Reached XP level 6. HP: 61/61 MP: 5/5
  2634 | D:4      | Noticed Natasha
  2647 | D:4      | Killed Natasha
  2704 | D:4      | Reached skill level 6 in Unarmed Combat
  2733 | D:4      | Found a radiant altar of Vehumet.
  2733 | D:4      | Found a sacrificial altar of Ru.
  2808 | D:4      | Found a hide-covered altar of Uskayaw.
  2812 | D:4      | Noticed a dagger
  2813 | D:4      | Noticed a hand axe
  2867 | D:4      | Found a deep blue altar of Sif Muna.
  2868 | D:4      | Found a shadowy altar of Dithmenos.
  3066 | D:4      | Noticed Natasha
  3074 | D:4      | Killed Natasha
  3363 | D:4      | Found a hide-covered altar of Uskayaw.
  3409 | D:4      | Found a deep blue altar of Sif Muna.
  3410 | D:4      | Found a shadowy altar of Dithmenos.
  3687 | D:4      | Found a radiant altar of Vehumet.
  3687 | D:4      | Found a sacrificial altar of Ru.
  3743 | D:5      | Entered Level 5 of the Dungeon
  3776 | D:5      | Reached XP level 7. HP: 55/70 MP: 6/6
  3932 | D:5      | Reached skill level 7 in Unarmed Combat
  4535 | D:5      | Found a staircase to the Ecumenical Temple.
  4587 | D:5      | Reached XP level 8. HP: 68/79 MP: 7/7
  4631 | Temple   | Entered the Ecumenical Temple
  4681 | Temple   | Became a worshipper of the Wu Jian Council
  4681 | Temple   | Reached * piety under Wu Jian
  4681 | Temple   | Reached ** piety under Wu Jian
  5044 | D:6      | Reached skill level 8 in Unarmed Combat
  5062 | D:6      | Found a basalt altar of Yredelemnul.
  5114 | D:5      | Reached skill level 5 in Fighting
  5477 | D:6      | Reached skill level 9 in Unarmed Combat
  5731 | D:6      | Found the +9 heavy crossbow "Sniper" {velocity, Acc+∞ SInv}
  6090 | D:7      | Found a glowing silver altar of Zin.
  6114 | D:7      | Reached skill level 10 in Unarmed Combat
  6207 | D:7      | Reached XP level 9. HP: 77/88 MP: 8/8
  6292 | D:7      | Found a shadowy altar of Dithmenos.
  6395 | D:7      | Found a sparkling altar of Nemelex Xobeh.
  6397 | D:7      | Found a stormy altar of Qazlal.
  6489 | D:7      | Found Rucah's Assorted Antiques.
  6497 | D:7      | Bought an emerald potion for 27 gold pieces
  6497 | D:7      | Bought a scroll of fear for 105 gold pieces
  6497 | D:7      | Bought a golden ring for 150 gold pieces
  6658 | D:7      | Found a hazy altar of Hepliaklqana.
  6844 | D:8      | Reached *** piety under Wu Jian
  6844 | D:8      | Reached skill level 11 in Unarmed Combat
  7062 | D:8      | Noticed Psyche
  7069 | D:8      | Paralysed by Psyche for 7 turns
  7379 | D:8      | Noticed Erica
  7379 | D:8      | Noticed Pikel
  7456 | D:8      | Killed Pikel
  7528 | D:8      | Killed Erica
  7528 | D:8      | Reached skill level 5 in Dodging
  7573 | D:8      | Reached XP level 10. HP: 96/98 MP: 9/9
  7597 | D:8      | Noticed a two-headed ogre
  7598 | D:8      | Killed Psyche
  7598 | D:8      | Reached skill level 12 in Unarmed Combat
  7627 | D:8      | Killed a two-headed ogre
  7833 | D:9      | Found a staircase to the Orcish Mines.
  7984 | D:9      | Reached skill level 13 in Unarmed Combat
  8120 | D:9      | Reached **** piety under Wu Jian
  8487 | D:9      | Noticed Grum
  8498 | D:9      | Killed Grum
  8512 | D:9      | Found a staircase to the Lair.
  8518 | D:9      | Reached XP level 11. HP: 103/105 MP: 10/10
  8529 | D:9      | Reached skill level 14 in Unarmed Combat
  9188 | Lair:1   | Entered Level 1 of the Lair of Beasts
  9420 | Lair:1   | Noticed Nergalle
  9423 | Lair:1   | Killed Nergalle
  9712 | Lair:2   | Found a staircase to the Snake Pit.
  9743 | Lair:2   | Noticed Urug
  9817 | Lair:2   | Killed Urug
  9817 | Lair:2   | Reached skill level 15 in Unarmed Combat
 10590 | Lair:3   | Noticed a death yak
 10592 | Lair:3   | Noticed a death yak
 10593 | Lair:3   | Noticed a death yak
 10625 | Lair:2   | Killed a death yak
 10681 | Lair:3   | Noticed a death yak
 10688 | Lair:2   | Killed a death yak
 10706 | Lair:3   | Noticed a death yak
 10716 | Lair:2   | Killed a death yak
 10716 | Lair:2   | Reached skill level 16 in Unarmed Combat
 10732 | Lair:2   | Killed a death yak
 10739 | Lair:2   | Killed a death yak
 10960 | Lair:3   | Noticed a four-headed hydra
 10978 | Lair:3   | Killed a one-headed hydra
 10978 | Lair:3   | Reached XP level 12. HP: 36/114 MP: 11/11
 11146 | Lair:3   | Reached ***** piety under Wu Jian
 11181 | Lair:3   | Reached skill level 17 in Unarmed Combat
 11444 | Lair:3   | Found a staircase to the Swamp.
 11954 | Lair:3   | HP: 5/114 [blink frog (18)]
 12473 | Lair:4   | Noticed Snorg
 12498 | Lair:4   | Killed Snorg
 12498 | Lair:4   | Reached skill level 18 in Unarmed Combat
 12665 | Lair:4   | Noticed a seven-headed hydra
 12685 | Lair:4   | Killed a two-headed hydra
 13354 | Lair:5   | Noticed a four-headed hydra
 13499 | Lair:5   | Found a staircase to the Slime Pits.
 13499 | Lair:5   | Found a viscous altar of Jiyva.
 13539 | Lair:5   | Noticed a five-headed hydra
 13629 | Lair:5   | Killed a one-headed hydra
 13629 | Lair:5   | Reached XP level 13. HP: 104/120 MP: 12/12
 13966 | Lair:6   | Entered Level 6 of the Lair of Beasts
 14053 | Lair:6   | Reached skill level 19 in Unarmed Combat
 14133 | Lair:6   | Reached skill level 1 in Armour
 14610 | Lair:5   | Reached skill level 5 in Armour
 15516 | Orc:1    | Entered Level 1 of the Orcish Mines
 15516 | Orc:1    | Noticed Erolcha
 15610 | Orc:1    | Killed Erolcha
 15842 | Orc:2    | Entered Level 2 of the Orcish Mines
 15872 | Orc:2    | Noticed an orc warlord
 15965 | Orc:1    | Killed an orc warlord
 16090 | Orc:2    | HP: 4/122 [sun demon[an orc sorcerer] (19)]
 16129 | Orc:1    | Reached XP level 14. HP: 104/131 MP: 13/13
 16325 | Orc:1    | Found Ruudd's Weapon Shop.
 16622 | Orc:2    | Reached ****** piety under Wu Jian
 17209 | Orc:2    | Found a roughly hewn altar of Beogh.
 17337 | Orc:2    | Found Zownar's Antique Weapon Emporium.
 17374 | Orc:2    | Found Utamaoj's Book Emporium.
 17419 | Orc:2    | Found Sisiyl's Antique Armour Emporium.
 17436 | Orc:2    | Bought an embroidered robe for 81 gold pieces
 17522 | Orc:2    | Found Johes's General Store.
 17528 | Orc:2    | Bought 2 potions of agility for 104 gold pieces
 17546 | Orc:2    | Found a staircase to the Elven Halls.
 17906 | D:10     | Entered Level 10 of the Dungeon
 18136 | D:10     | Noticed Sonja
 18160 | D:10     | Killed Sonja
 18981 | D:11     | Found a blossoming altar of Fedhas.
 19148 | D:11     | Found Mymiv's Antique Armour Shoppe.
 19651 | D:12     | Paralysed by an ogre mage for 7 turns
 19659 | D:12     | Reached skill level 20 in Unarmed Combat
 19942 | D:12     | Found a blossoming altar of Fedhas.
 20307 | D:13     | Noticed Frances
 20320 | D:13     | Killed Frances
 21116 | D:14     | Reached XP level 15. HP: 143/143 MP: 14/14
 21354 | D:14     | Found a gate to the Vaults.
 21459 | D:14     | Noticed Azrael
 21552 | D:13     | Killed Azrael
 21817 | D:15     | Entered Level 15 of the Dungeon
 21823 | D:15     | Found a staircase to the Depths.
 21824 | D:15     | Noticed a fire giant
 21828 | D:15     | Killed a fire giant
 21965 | D:15     | Reached skill level 21 in Unarmed Combat
 23089 | Swamp:1  | Entered Level 1 of the Swamp
 24129 | Swamp:2  | Noticed a thorn hunter
 24143 | Swamp:2  | Killed a thorn hunter
 24680 | Swamp:2  | Reached skill level 22 in Unarmed Combat
 24810 | Swamp:3  | Noticed crawlian's ghost (journeyman DEFE)
 24813 | Swamp:3  | Killed crawlian's ghost
 24926 | Swamp:3  | Noticed Mara
 25240 | Swamp:3  | Noticed Klosterheim's illusion
 25243 | Swamp:3  | Killed Mara
 25243 | Swamp:3  | Reached XP level 16. HP: 110/153 MP: 15/15
 25701 | Swamp:4  | Entered Level 4 of the Swamp
 26708 | Swamp:4  | Got a decaying rune of Zot
 26929 | Snake:1  | Entered Level 1 of the Snake Pit
 28425 | Snake:2  | Reached skill level 10 in Armour
 28425 | Snake:2  | Reached skill level 10 in Dodging
 28570 | Snake:2  | Reached skill level 10 in Fighting
 28678 | Snake:3  | Found Gewurupn's Antique Armour Shop.
 28692 | Snake:2  | Reached skill level 1 in Shields
 28859 | Snake:2  | Reached XP level 17. HP: 145/166 MP: 16/16
 28978 | Snake:3  | Found Xame's Magic Scroll Boutique.
 28981 | Snake:3  | Found Adaolius's Distillery.
 28981 | Snake:3  | Found Meon's Book Shop.
 28986 | Snake:3  | Bought a scroll of fog for 32 gold pieces
 28986 | Snake:3  | Found Poyfow's Antique Armour Shop.
 29333 | Snake:3  | Bought a fine robe for 193 gold pieces
 29336 | Snake:3  | Bought a potion of heal wounds for 85 gold pieces
 29336 | Snake:3  | Bought a potion of cancellation for 136 gold pieces
 29336 | Snake:3  | Identified the +1 robe "Gautosecw" {*Slow rElec Dex+5 SInv} (You bought it in a shop on level 3 of the Snake Pit)
 29386 | Snake:3  | Reached skill level 5 in Shields
 29517 | Snake:3  | Found Tenou's General Store.
 29642 | Snake:3  | Bought a +1 hat for 165 gold pieces
 29642 | Snake:3  | Bought a scroll of fear for 52 gold pieces
 29722 | Snake:3  | Found Hefih's Jewellery Boutique.
 29732 | Snake:3  | Bought an uncursed ring of fire for 300 gold pieces
 30009 | Snake:4  | Entered Level 4 of the Snake Pit
 32125 | Snake:4  | Got a serpentine rune of Zot
 32502 | Vaults:1 | Entered Level 1 of the Vaults
 32555 | Vaults:1 | Paralysed by an orc sorcerer for 6 turns
 32559 | Vaults:1 | Noticed Aizul
 32679 | Vaults:1 | Reached XP level 18. HP: 90/176 MP: 17/17
 32769 | Vaults:1 | Noticed Donald
 32856 | Vaults:1 | Killed Donald
 33156 | Vaults:1 | Killed Aizul
 34690 | Vaults:2 | Reached XP level 19. HP: 79/187 MP: 18/18
 35296 | Vaults:2 | Found a staircase to the Crypt.
 36303 | Vaults:3 | Noticed Margery
 36702 | Vaults:2 | Killed Margery
 36702 | Vaults:2 | Reached skill level 23 in Unarmed Combat
 36817 | Vaults:3 | Paralysed by an ogre mage for 2 turns
 37103 | Vaults:2 | Found a staircase to the Crypt.
 38268 | Vaults:3 | Found Zazeisi's Gadget Shoppe.
 39501 | Vaults:4 | Reached XP level 20. HP: 173/200 MP: 19/19
 39606 | Vaults:4 | HP: 8/201 [balrug/fireball[a lich] (37)]
 39607 | Vaults:4 | Killed from afar by a balrug

Vault maps used:
D:1:      sevenhm_arrival_forest_fort_large_2
D:2:      old_standard_altar
D:3:      first_ration, uniq_robin
D:4:      dancing_weapons_uskayaw, amethyst_overflow_temple_binary,
          chequers_temple_overflow_statue_of_worship, gup_sewer_entry_bowl,
          uniq_natasha
D:5:      minmay_temple_entry_poolview, minmay_misc_feat_plants,
          kennysheep_windowed_goal
D:6:      yredelemnul_altar_generic
D:7:      nicolae_overflow_hidden_temple, serial_shops, nicolae_shop_stone,
          grunt_dithmenos_smoke_and_mirrors
D:8:      uniq_psyche, uniq_erica, uniq_pikel
D:9:      due_lair_maze_entry_diamond, kennysheep_orc_monster_closet_entryway,
          minmay_misc_feat_nine_boxes, uniq_grum
D:10:     uniq_sonja
D:11:     basic_altar, serial_shops, kennysheep_mini_moat
D:12:     hangedman_little_slice_of_home, david_defended_altar_elf
D:13:     uniq_frances
D:14:     hangedman_vaults_entry_quadrant_bands, uniq_azrael
D:15:     grunt_enter_depths_giant_problem, minmay_misc_feat_x
Temple:   cyrus_temple_forest
Lair:1:   uniq_nergalle
Lair:2:   minmay_snake_entry_six_corridors, serial_bayou, serial_bayou_pond_c,
          serial_bayou_lake_a, serial_bayou_lagoon_a, serial_bayou_pond_d,
          uniq_urug
Lair:3:   swamp_mist_pool, nicolae_quartered_pool_medium, minivault_24,
          lemuel_fruit_fields, lemuel_fruit_fields
Lair:4:   grunt_megastairs_3, serial_bayou_shore_b, uniq_snorg
Lair:5:   slime_altar_1
Lair:6:   evilmike_catoblepas_cave, serial_bayou_shore_b
Swamp:1:  evilmike_swamp_ruin_wall, infiniplex_staircase_pool
Swamp:2:  evilmike_swamp_ruin_house_2, swamp_pool2, water_boxes_lemuel
Swamp:3:  evilmike_swamp_ruin_house_1, uniq_mara
Swamp:4:  swamp_icy
Snake:1:  guppyfry_snake_island
Snake:3:  serial_shops, shop, nicolae_shop_waterfront, shop, spider_trap,
          st_stairs_14, minmay_shoptagon, lemuel_fruit_tree
Snake:4:  minmay_snake_end_coiled
Orc:1:    serial_shops, shop, uniq_erolcha
Orc:2:    grunt_orc_cross
Vaults:1: v_misc_24, ontoclasm_vaults_loading_screen, ontoclasm_vaults_ligature,
          nicolae_vaults_asterisk, nicolae_vaults_border_crossing, st_lines,
          nicolae_vaults_little_squares_4, serial_ice_h, hangedman_vaults_snaps,
          vaults_room_corners, nicolae_vaults_asterisk,
          vaults_mumra_minichess_inversion, uniq_aizul, uniq_donald
Vaults:2: v_rooms_2, v_misc_24, vaults_room_grid, st_spiral_rooms, v_rooms_1,
          nicolae_vaults_little_squares_3, hangedman_vaults_capsules
Vaults:3: nicolae_vaults_what_the_h, hangedman_vaults_stretched_pinwheel,
          hangedman_vaults_corner_blocks, hangedman_vaults_nails,
          vaults_dpeg_encased_lava, vaults_room_mumra_shop_pool,
          vaults_room_grid, vaults_dpeg_diagonal, vaults_mumra_hex,
          vaults_room_corners, uniq_margery
Vaults:4: nicolae_vaults_big_ls, v_misc_23, hangedman_vaults_pinch,
          vaults_standard_mumra_enter_the_diamond,
          nicolae_vaults_sealed_display, ontoclasm_vaults_spin,
          nicolae_vaults_diagonal_hallway_8, dpeg_vaults_monster_box,
          basic_altar, uniq_frederick
Sewer:    sewer_co_cracked_pipes

Skill      XL: |  1  2  3  4  5  6  7  8  9 10 11 12 13 14 15 16 17 18 19 |
---------------+----------------------------------------------------------+-----
Unarmed Combat | 4 5 6 7 10 11 13 16 18 19 20 22 23 | 23.2
Fighting       | 3 4 5 6 8 10 11 12 | 12.6
Dodging        | 3 4 5 6 8 10 11 12 | 12.5
Armour         | 6 8 10 11 12 | 12.6
Shields        | 2 9 |  9.0
Stealth        | |  1.0

Action                   |  1- 3 |  4- 6 |  7- 9 | 10-12 | 13-15 | 16-18 | 19-21 || total
-------------------------+-------+-------+-------+-------+-------+-------+-------++-------
Melee: Unarmed           |    70 |   192 |   289 |   544 |  1214 |  1507 |   596 ||  4412
       Punch             |       |     6 |    15 |    60 |   152 |    58 |       ||   291
       Scimitar          |       |       |       |    20 |    46 |     7 |       ||    73
Invok: Whirlwind         |       |       |    46 |    41 |   102 |   164 |    79 ||   432
       Wall Jump         |       |       |    12 |    17 |    52 |    64 |    14 ||   159
       Lunge             |       |       |    13 |    54 |   107 |    92 |    35 ||   301
       Serpent's Lash    |       |       |       |     2 |     7 |     3 |     3 ||    15
       Heavenly Storm    |       |       |       |       |     1 |     3 |     1 ||     5
 Abil: Wall Jump         |       |       |     3 |       |       |       |       ||     3
Evoke: Wand              |       |       |       |     3 |     2 |     9 |     1 ||    15
  Use: Scroll            |       |     3 |    11 |    11 |    12 |    13 |     2 ||    52
       Potion            |       |       |       |     2 |     5 |    10 |     2 ||    19
 Stab: Sleeping          |     3 |     5 |     5 |     6 |       |     2 |     2 ||    23
       Distracted        |     1 |     2 |       |     3 |       |     3 |     1 ||    10
       Paralysed         |       |       |       |     5 |       |       |       ||     5
       Invisible         |       |       |       |       |       |    12 |       ||    12
  Eat: Chunk             |    12 |    24 |    34 |    57 |   113 |    65 |    42 ||   347
       Ration            |       |       |       |       |       |     5 |     3 ||     8
Armor: Robe              |    25 |    85 |    46 |    55 |    40 |    34 |    31 ||   316
       Ice dragon scales |       |       |       |       |   300 |   277 |       ||   577
Dodge: Dodged            |    32 |   141 |   143 |   456 |   739 |   865 |   262 ||  2638
Block: Shield            |       |       |       |       |       |   422 |   234 ||   656
       Rpst.: Scimitar   |       |       |       |     5 |     8 |     2 |       ||    15

Table legend:
 A = Spawn XP
 B = Non-spawn XP
 C = Spawn XP percentage of total XP
 D = Spawn monster count
 E = Non-spawn monster count
 F = Spawn count percentage of total count
 G = Total turns spent on level
                    A         B        C        D         E        F      G
               +---------+---------+-------+---------+---------+-------+---------
         Total |       0 |  478286 |   0.0 |       0 |    1364 |   0.0 | 39607
               +---------+---------+-------+---------+---------+-------+---------
           D:1 |       0 |      37 |   0.0 |       0 |      20 |   0.0 |   466
           D:2 |       0 |     112 |   0.0 |       0 |      29 |   0.0 |   611
           D:3 |       0 |     158 |   0.0 |       0 |      24 |   0.0 |   949
           D:4 |       0 |     308 |   0.0 |       0 |      20 |   0.0 |  1263
           D:5 |       0 |     887 |   0.0 |       0 |      22 |   0.0 |  1043
           D:6 |       0 |     621 |   0.0 |       0 |      21 |   0.0 |  1151
           D:7 |       0 |    1228 |   0.0 |       0 |      28 |   0.0 |   936
           D:8 |       0 |    4001 |   0.0 |       0 |      26 |   0.0 |  1274
           D:9 |       0 |    5574 |   0.0 |       0 |      65 |   0.0 |  1275
          D:10 |       0 |    4263 |   0.0 |       0 |      34 |   0.0 |   789
          D:11 |       0 |    4301 |   0.0 |       0 |      38 |   0.0 |   615
          D:12 |       0 |   10210 |   0.0 |       0 |      46 |   0.0 |   706
          D:13 |       0 |   10251 |   0.0 |       0 |      36 |   0.0 |  1082
          D:14 |       0 |   12197 |   0.0 |       0 |      46 |   0.0 |   944
          D:15 |       0 |   11365 |   0.0 |       0 |      27 |   0.0 |  1085
        Lair:1 |       0 |    2430 |   0.0 |       0 |      14 |   0.0 |   505
        Lair:2 |       0 |    7588 |   0.0 |       0 |      30 |   0.0 |  1191
        Lair:3 |       0 |    7426 |   0.0 |       0 |      28 |   0.0 |  1589
        Lair:4 |       0 |    8036 |   0.0 |       0 |      23 |   0.0 |  1234
        Lair:5 |       0 |    5619 |   0.0 |       0 |      12 |   0.0 |   642
        Lair:6 |       0 |   16349 |   0.0 |       0 |      31 |   0.0 |  1362
       Swamp:1 |       0 |    4188 |   0.0 |       0 |      16 |   0.0 |   702
       Swamp:2 |       0 |   11639 |   0.0 |       0 |      24 |   0.0 |   914
       Swamp:3 |       0 |   13216 |   0.0 |       0 |      22 |   0.0 |  1037
       Swamp:4 |       0 |   18658 |   0.0 |       0 |      54 |   0.0 |  1052
       Snake:1 |       0 |   15215 |   0.0 |       0 |      31 |   0.0 |  1008
       Snake:2 |       0 |   25073 |   0.0 |       0 |      42 |   0.0 |  1008
       Snake:3 |       0 |   17077 |   0.0 |       0 |      36 |   0.0 |  1339
       Snake:4 |       0 |   50657 |   0.0 |       0 |      98 |   0.0 |  2034
         Orc:1 |       0 |    9306 |   0.0 |       0 |      44 |   0.0 |  1118
         Orc:2 |       0 |    5893 |   0.0 |       0 |      55 |   0.0 |  1166
      Vaults:1 |       0 |   71931 |   0.0 |       0 |     115 |   0.0 |  1609
      Vaults:2 |       0 |   69278 |   0.0 |       0 |     100 |   0.0 |  3340
      Vaults:3 |       0 |   32509 |   0.0 |       0 |      60 |   0.0 |  1605
      Vaults:4 |       0 |   20625 |   0.0 |       0 |      24 |   0.0 |   407
         Sewer |       0 |      60 |   0.0 |       0 |      23 |   0.0 |   454
               +---------+---------+-------+---------+---------+-------+---------
